 Dungeon Sprint DCSS version 0.19.0-2-gae57169 (webtiles) character file.

3747 LORDOFBUTT the Unseen (level 9, -4/39 HPs)
             Began as a Spriggan Enchanter on Nov 4, 2016.
             Was a Believer of Dithmenos.
             Slain by a demonic crawler (10 damage)
             ... in the Dungeon (Sprint I: "Red Sonja").
             The game lasted 00:03:33 (914 turns).

LORDOFBUTT the Unseen (Spriggan Enchanter)           Turns: 914, Time: 00:03:34

Health: -4/39      AC:  3    Str:  6    XL:     9   Next: 93%
Magic:  23/26      EV: 18    Int: 17    God:    Dithmenos [**....]
Gold:   684        SH:  0    Dex: 17    Spells: 5 memorised, 20 levels left

rFire  . . .     SeeInvis +     a - +1 dagger
rCold  . . .     Gourm    .     b - +1 robe
rNeg   . . .     Faith    .     (shield restricted)
rPois  .         Spirit   .     (helmet restricted)
rElec  .         Reflect  .     (no cloak)
rCorr  .         Harm     +     (gloves unavailable)
MR     +....     NoTele   +     (boots unavailable)
Stlth  +++++++++.               l - amulet of harm
                                (no ring)
                                k - +2 ring of slaying

@: wreathed by umbra, very quick
A: unfitting armour, see invisible, herbivore 3, speed 3, slow metabolism 2
a: Shadow Step, Renounce Religion


You were in the Dungeon.
You worshipped Dithmenos.
Dithmenos was pleased with you.
You were not hungry.

You visited 1 branch You collected 936 gold pieces.
You spent 252 gold pieces at shops.

Inventory:

Hand Weapons
 a - a +1 dagger (weapon)
 n - a +0 blowgun
Missiles
 m - 5 curare-tipped needles
Armour
 b - a +1 robe (worn)
Jewellery
 k - a +2 ring of slaying (left hand)
 l - an amulet of harm (around neck)
Wands
 q - a wand of disintegration (12/24)
Scrolls
 j - a scroll of identify {unknown}
 o - a scroll of remove curse {unknown}
 p - a scroll of brand weapon {unknown}
Potions
 e - 4 potions of curing
 f - a potion of heal wounds
 g - a potion of haste
 h - 2 potions of magic
 i - a potion of lignification {unknown}
Books
 c - a book of Maledictions

   Spells                             Type                      Level
   a - Corona                         Hexes                        1
   b - Ensorcelled Hibernation        Hexes/Ice                    2
   c - Confuse                        Hexes                        3
   d - Tukima's Dance                 Hexes                        3
   e - Dazzling Spray                 Conjuration/Hexes            3
Comestibles
 d - a bread ration


   Skills:
 + Level 11.2 Short Blades
 - Level 3.0 Dodging
 * Level 20.6 Stealth
 + Level 12.3 Spellcasting
 + Level 12.5 Hexes
 + Level 3.7 Evocations


You had 20 spell levels left.
You knew the following spells:

 Your Spells              Type           Power        Failure   Level  Hunger
a - Corona                Hex            ######.      1%          1    None
b - Ensorcelled Hibernat  Hex/Ice        ####..       1%          2    None
c - Confuse               Hex            ######..     1%          3    None
d - Tukima's Dance        Hex            ######..     1%          3    None
e - Dazzling Spray        Conj/Hex       ####..       1%          3    None


Dungeon Overview and Level Annotations

Branches:
Dungeon (1/1)

Altars:
Cheibriados
Dithmenos
Elyvilon
Fedhas
Gozag
Hepliaklqana
Kikubaaqudgha
Makhleb
Nemelex Xobeh
Okawaru
Qazlal
Ru
Sif Muna
Trog
Uskayaw
Vehumet
Xom
Yredelemnul
Zin
The Shining One
Jiyva
Lugonu

Shops:
D [=[


Innate Abilities, Weirdness & Mutations

You are very small and have problems with some larger weapons.
You are too small for most types of armour.
You have supernaturally acute eyesight. (SInv)
You are a herbivore.
You cover ground extremely quickly.
You need consume almost no food.


Message History

You start waiting.
Done waiting.
You open the door. 4 demonic crawlers come into view.
The demonic crawler gives a hideous shriek! x3
The demonic crawler barely misses you. The demonic crawler misses you.
The demonic crawler closely misses you. x2
The demonic crawler barely misses you. The demonic crawler hits you.
There is an open door here.
Casting: Ensorcelled Hibernation
Confirm with . or Enter, or press ? or * to list all spells.
Aiming: Confuse
Press: ? - help, Shift-Dir - straight line, f - demonic crawler
Aim: a demonic crawler (clinging, umbra, chance to defeat MR: 11%)
The demonic crawler resists with almost no effort.
The demonic crawler hits you but does no damage.
The demonic crawler hits you. The demonic crawler hits you! x2
* * * LOW HITPOINT WARNING * * *
The demonic crawler hits you!
You die...

#################
#.)'..#__#..'..)#
'..#..'..'..#...##+#
#####'#__####)..@ss#
#...#.####..#####ss+
#..##.#≈≈≈§)#..# +##
##'#..'§§§§§'..#
÷'.§._#§§§§§#§.#
##§.#+##'#####+#
###'# #[§(§###
###.####'###.##
.'...'.....'.∩#


You could see 4 demonic crawlers.

Vanquished Creatures
  2 centaur warriors (D)
  Sonja (D)
  A deep troll (D)
  2 kobold demonologists (D)
  A hornet (D)
  A slime creature (D)
  Sigmund (D)
  A yak (D)
  A floating eye (D)
  An ogre (D)
  A jelly (D)
  Ijyb (D)
  2 ballistomycetes (D)
16 creatures vanquished.

Vanquished Creatures (others)
  2 ballistomycete spores (D)
2 creatures vanquished.

Grand Total: 18 creatures vanquished

Notes
Turn   | Place    | Note
-------+----------+-------------------------------------------
     0 | D        | LORDOFBUTT the Spriggan Enchanter began the quest for the Orb.
     0 | D        | Reached XP level 1. HP: 9/9 MP: 5/5
     2 | D        | Noticed Ijyb
     7 | D        | Killed Ijyb
     7 | D        | Reached skill level 7 in Stealth
     7 | D        | Reached XP level 2. HP: 10/13 MP: 6/8
   138 | D        | Learned a level 2 spell: Ensorcelled Hibernation
   138 | D        | Noticed an ogre
   141 | D        | Killed an ogre
   141 | D        | Reached skill level 10 in Stealth
   141 | D        | Reached skill level 5 in Spellcasting
   141 | D        | Reached XP level 3. HP: 16/16 MP: 7/11
   141 | D        | Reached XP level 4. HP: 21/21 MP: 7/12
   187 | D        | Noticed Sigmund
   190 | D        | Killed Sigmund
   190 | D        | Reached skill level 12 in Stealth
   190 | D        | Reached XP level 5. HP: 24/24 MP: 12/15
   190 | D        | Reached XP level 6. HP: 28/28 MP: 13/17
   203 | D        | Found a deep blue altar of Sif Muna.
   205 | D        | Found a radiant altar of Vehumet.
   250 | D        | Found Soninn's Jewellery Emporium.
   250 | D        | Found an ancient bone altar of Kikubaaqudgha.
   250 | D        | Found a hazy altar of Hepliaklqana.
   250 | D        | Found a stormy altar of Qazlal.
   250 | D        | Found a hide-covered altar of Uskayaw.
   250 | D        | Found a blossoming altar of Fedhas.
   250 | D        | Found a bloodstained altar of Trog.
   250 | D        | Found an iron altar of Okawaru.
   250 | D        | Found a basalt altar of Yredelemnul.
   250 | D        | Found a glowing golden altar of the Shining One.
   250 | D        | Found a snail-covered altar of Cheibriados.
   250 | D        | Found a sacrificial altar of Ru.
   250 | D        | Found a glowing silver altar of Zin.
   250 | D        | Found a shadowy altar of Dithmenos.
   250 | D        | Found a white marble altar of Elyvilon.
   250 | D        | Noticed a yak
   251 | D        | Found an opulent altar of Gozag.
   252 | D        | Killed a yak
   252 | D        | Reached skill level 14 in Stealth
   269 | D        | Found a sparkling altar of Nemelex Xobeh.
   277 | D        | Became a worshipper of Dithmenos the Shadowed
   306 | D        | Bought a +2 ring of slaying for 252 gold pieces
   317 | D        | Learned a level 3 spell: Confuse
   321 | D        | Learned a level 3 spell: Tukima's Dance
   325 | D        | Learned a level 3 spell: Dazzling Spray
   325 | D        | Noticed Sonja
   329 | D        | Killed Sonja
   329 | D        | Reached skill level 16 in Stealth
   329 | D        | Reached skill level 10 in Hexes
   329 | D        | Reached XP level 7. HP: 32/32 MP: 19/21
   329 | D        | Reached XP level 8. HP: 36/36 MP: 19/22
   347 | D        | Found Ustoih Liph's Antique Armour Boutique.
   367 | D        | Noticed a deep troll
   371 | D        | Killed a deep troll
   371 | D        | Reached skill level 17 in Stealth
   371 | D        | Reached skill level 10 in Spellcasting
   383 | D        | Found Feraf's Armour Emporium.
   718 | D        | Noticed a centaur warrior
   719 | D        | Noticed a centaur warrior
   721 | D        | Killed a centaur warrior
   721 | D        | Reached * piety under Dithmenos
   721 | D        | Reached skill level 10 in Short Blades
   721 | D        | Reached skill level 18 in Stealth
   721 | D        | Reached XP level 9. HP: 39/39 MP: 23/25
   723 | D        | Killed a centaur warrior
   723 | D        | Reached skill level 19 in Stealth
   736 | D        | Reached skill level 20 in Stealth
   736 | D        | Reached skill level 1 in Evocations
   760 | D        | Found a burning altar of Makhleb.
   760 | D        | Found a viscous altar of Jiyva.
   760 | D        | Found a shimmering altar of Xom.
   760 | D        | Found a corrupted altar of Lugonu.
   772 | D        | Reached ** piety under Dithmenos
   800 | D        | Noticed a kobold demonologist
   801 | D        | Noticed a kobold demonologist
   803 | D        | Killed a kobold demonologist
   806 | D        | Killed a kobold demonologist
   912 | D        | Noticed a demonic crawler
   912 | D        | Noticed a demonic crawler
   912 | D        | Noticed a demonic crawler
   912 | D        | Noticed a demonic crawler
   914 | D        | Slain by a demonic crawler

Skill      XL: |  1  2  3  4  5  6  7  8  9 |
---------------+----------------------------+-----
Short Blades   | 2 4 6 8 10 11 | 11.2
Stealth        | 7 10 12 16 18 20 | 20.6
Spellcasting   | 4 5 7 9 11 12 | 12.3
Hexes          | 4 6 7 10 11 12 | 12.5
Evocations     | 3 |  3.7
Dodging        | |  3.0

Action                   |  1- 3 |  4- 6 |  7- 9 || total
-------------------------+-------+-------+-------++-------
Melee: Dagger            |     4 |     4 |    26 ||    34
 Fire: Blowgun           |       |       |     2 ||     2
 Cast: Ensorcelled Hiber |     1 |     2 |     2 ||     5
       Confuse           |       |       |     1 ||     1
  Use: Potion            |     1 |       |       ||     1
       Scroll            |       |       |     1 ||     1
 Stab: Sleeping          |     1 |     4 |     8 ||    13
Armor: Robe              |       |       |     1 ||     1
Dodge: Dodged            |     2 |       |     8 ||    10
